Map: Emerald City LE

Players

Massa

  • Race: Terran Terran
  • League: Gold
  • Spawn Location: 11:00

qqq

  • Race: Zerg Zerg
  • League: Platinum
  • Spawn Location: 11:00

EVIL

  • Race: Zerg Zerg
  • League: Diamond
  • Spawn Location: 5:00

kookooseen

  • Race: Zerg Zerg
  • League: Diamond
  • Spawn Location: 5:00

VOD

Have the link to the VOD?

Description

Time

  • Played on: May 31, 2020, 6:01 a.m.
  • Length: 6:51
Show
View Real Time Build Order
Export as new Build Order

Massa Terran 

Build Orders: 2 Factory, Hellion Opening 

Get SALT Encoding   

  12  0:11  Supply Depot  
  12  0:14  SCV  
  13  0:26  SCV  
  14  0:35  Barracks  
  14  0:38  SCV  
  15  0:45  Refinery  
  15  0:50  SCV  
  16  1:02  Refinery  
  16  1:03  SCV  
  17  1:15  SCV  
  18  1:27  SCV  
  18  1:31  Supply Depot  
  18  1:32  Marine  
  20  1:39  SCV  
  21  1:50  Factory, Marine  
  21  1:52  SCV  
  23  2:04  SCV  
  23  2:07  Factory  
  24  2:16  Barracks Reactor  
  24  2:20  Orbital Command  
  24  2:50  Factory Reactor  
  24  2:55  Supply Depot  
  24  3:13  Command Center  
  24  3:18  Hellion, Supply Depot  
  26  3:21  Hellion  
  28  3:27  Hellion  
  28  3:30  Hellion  
  32  3:39  Hellion  
  34  3:43  Hellion  
  36  3:50  Hellion  
  36  3:52  Hellion  
  42  4:02  Hellion  
  42  4:04  Hellion  
  44  4:11  Hellion  
  46  4:23  Barracks Tech Lab  
  46  4:25  Hellion x2  
  46  4:28  Supply Depot  
  46  4:30  SCV x2  
  52  4:42  SCV  
  53  4:51  Supply Depot  
  41  5:21  Hellion x4  
  41  5:27  Marauder  
  37  5:33  SCV x2  
  39  5:42  Hellion x2  
  47  5:43  Hellion x2  
  47  5:48  Marauder  
  49  6:03  Hellion  
  49  6:04  Hellion x3  
  37  6:28  Marauder  
  47  6:36  SCV x2  
Show
View Real Time Build Order
Export as new Build Order

qqq Zerg 

Build Orders: Hatch First 

Get SALT Encoding   

  12  0:02  Drone  
  13  0:09  Drone  
  14  0:35  Hatchery  
  13  0:51  Spawning Pool  
  12  1:05  Overlord  
  12  1:06  Drone  
  12  1:09  Drone  
  14  1:15  Extractor  
  14  1:18  Drone  
  14  1:28  Drone  
  15  1:44  Queen  
  17  1:47  Queen  
  17  1:50  Drone  
  17  1:54  Drone  
  21  1:58  Drone  
  22  2:02  Drone  
  23  2:10  Overlord  
  23  2:15  Drone  
  24  2:18  Drone  
  25  2:24  Metabolic Boost  
  25  2:29  Zergling x2  
  26  2:35  Zergling x2  
  26  2:36  Zergling x2  
  28  2:37  Zergling x2  
  29  2:49  Zergling x2  
  29  2:50  Zergling x2  
  31  2:54  Drone, Zergling x2, Evolution Chamber  
  32  2:59  Overlord  
  32  3:05  Drone, Zergling x2  
  33  3:09  Zergling x2  
  36  3:12  Zergling x2  
  36  3:17  Overlord  
  36  3:24  Zerg Melee Weapons Level 1  
  36  3:26  Zergling x2  
  37  3:28  Drone  
  37  3:31  Drone  
  39  3:34  Zergling x2  
  40  3:43  Zergling x6  
  40  3:47  Drone  
  44  3:48  Drone  
  44  3:50  Zergling x2  
  44  3:53  Zergling x2  
  47  3:56  Zergling x2  
  48  4:08  Zergling x8  
  52  4:10  Overlord  
  52  4:15  Overlord  
  52  4:21  Overlord  
  52  4:28  Overlord  
  52  4:29  Overlord  
  50  4:45  Zergling x8  
  47  4:46  Drone, Zergling x6  
  46  4:57  Zergling x4  
  46  4:58  Drone  
  42  5:32  Zergling x2  
  42  5:33  Zergling x12  
  49  5:45  Drone x2  
  49  5:46  Zergling x4  
  53  5:56  Hatchery  
  52  6:02  Zergling x4  
  54  6:04  Zergling x2  
  54  6:05  Zergling x2  
  54  6:06  Hatchery  
  43  6:30  Zergling x2  
  43  6:31  Drone x2, Zergling x4  
  43  6:32  Zergling x2  
Show
View Real Time Build Order
Export as new Build Order

EVIL Zerg 

Build Orders: Hatch First 

Get SALT Encoding   

  13  0:07  Drone  
  13  0:08  Drone  
  14  0:20  Overlord  
  14  0:46  Drone  
  14  0:47  Hatchery  
  14  0:49  Drone  
  15  0:54  Drone  
  16  0:59  Drone  
  17  1:14  Extractor  
  17  1:17  Drone  
  17  1:19  Spawning Pool  
  16  1:36  Drone x2  
  18  1:40  Drone  
  19  2:04  Overlord  
  19  2:09  Queen x2  
  19  2:11  Zergling x6  
  26  2:27  Overlord  
  26  2:39  Overlord  
  26  2:48  Metabolic Boost  
  26  2:52  Drone  
  26  2:53  Drone x4, Extractor  
  26  2:54  Drone  
  31  3:13  Drone  
  32  3:25  Lair  
  32  3:28  Drone x4, Hatchery  
  32  3:30  Drone  
  36  3:43  Drone x2  
  38  3:57  Extractor  
  38  3:58  Extractor  
  38  3:59  Zergling x16  
  44  4:04  Evolution Chamber  
  44  4:05  Drone  
  44  4:06  Evolution Chamber  
  43  4:15  Drone  
  44  4:19  Spore Crawler  
  44  4:22  Spore Crawler  
  44  4:23  Drone x2  
  44  4:31  Spire  
  44  4:39  Baneling Nest  
  44  4:45  Zergling x10  
  30  5:00  Zergling x12  
  30  5:01  Queen  
  34  5:09  Zergling x4  
  31  5:38  Baneling x4  
  31  5:39  Baneling x6  
  31  5:40  Baneling x6  
  31  5:49  Drone x2  
  34  5:50  Drone  
  34  5:59  Drone  
  34  6:00  Drone  
  34  6:03  Drone  
  37  6:15  Zergling x8  
  33  6:31  Zergling x12  
  33  6:32  Zergling x2  
Show
View Real Time Build Order
Export as new Build Order

kookooseen Zerg 

Build Orders: Hatch First 

Get SALT Encoding   

  12  0:01  Drone  
  13  0:08  Drone  
  14  0:16  Overlord  
  14  0:40  Hatchery  
  13  0:44  Drone  
  13  0:48  Drone  
  15  0:52  Drone  
  15  0:55  Drone  
  17  1:09  Extractor  
  16  1:12  Spawning Pool  
  16  1:15  Drone  
  16  1:19  Drone  
  17  1:30  Drone  
  18  1:38  Drone  
  19  1:53  Drone x2  
  21  1:58  Queen  
  21  1:59  Queen  
  21  2:00  Zergling x2  
  26  2:03  Zergling x2  
  27  2:11  Metabolic Boost  
  27  2:13  Drone  
  28  2:16  Overlord  
  28  2:34  Drone x3  
  31  2:56  Roach Warren  
  31  2:57  Hatchery  
  31  2:58  Drone x3  
  32  3:20  Drone x4  
  36  3:28  Overlord x2  
  36  3:44  Extractor  
  36  3:46  Drone  
  36  3:48  Roach x5  
  46  3:51  Queen  
  48  3:57  Overlord  
  48  4:02  Overlord  
  48  4:14  Roach x4  
  56  4:17  Overlord  
  56  4:24  Lair  
  54  4:40  Roach  
  54  4:41  Roach x5  
  52  4:55  Roach x3  
  47  5:22  Roach x6  
  57  5:31  Drone  
  57  5:32  Drone x2  
  60  5:41  Queen  
  62  5:50  Hatchery  
  62  5:54  Extractor, Drone  
  62  5:55  Drone x5  
  66  6:08  Drone  
  57  6:20  Roach x4  
  51  6:44  Ravager x3  
Tags
 
Add a new tag
Caveats
  • Supply blocks, unpowered buildings, or Contaminate may cause inaccurate times.
  • Supply counts are checked every 10 seconds.